 Dungeon Crawl Stone Soup version 0.30-a0-25-gacc37e2db0 (webtiles) character file.

Game seed: 11263168028689982598

205 Plasmagod the Chopper (level 5, -2/45 HPs)
             Began as a Hill Orc Fighter on Aug 25, 2022.
             Slain by an iguana (9 damage)
             ... on level 4 of the Dungeon.
             The game lasted 00:03:56 (2754 turns).

Plasmagod the Chopper (Hill Orc Fighter)            Turns: 2754, Time: 00:03:57

Health: -2/45      AC:  9    Str: 21    XL:     5   Next: 83%
Magic:  5/5        EV:  7    Int:  8    God:
Gold:   151        SH:  4    Dex: 10    Spells: 4/4 levels left

rFire   . . .      SeeInvis .    a - +0 war axe
rCold   . . .      Faith    .    c - +0 buckler
rNeg    . . .      Spirit   .    q - +0 chain mail
rPois   .          Reflect  .    (no helmet)
rElec   .          Harm     .    (no cloak)
rCorr   .          Rampage  .    (no gloves)
Will    .....                    (no boots)
Stlth   ..........               (no amulet)
HPRegen 0.15/turn                (no ring)
MPRegen 0.09/turn                (no ring)

@: no status effects
A: no striking features
a: no special abilities


You were on level 4 of the Dungeon.
You visited 1 branch of the dungeon, and saw 4 of its levels.

You collected 151 gold pieces.

Inventory:

Hand Weapons
 a - a +0 war axe (weapon)
Armour
 c - a +0 buckler (worn)
 q - a +0 chain mail (worn)
Scrolls
 g - 3 scrolls of teleportation {unknown}
 j - 3 scrolls of identify {unknown}
 k - a scroll of magic mapping {unknown}
 l - a scroll of fear {unknown}
 m - a scroll of amnesia {unknown}
 n - a scroll of butterflies {unknown}
 r - 2 scrolls of poison {unknown}
Potions
 b - a potion of curing {unknown}
 d - 3 potions of might
 e - 3 potions of flight {unknown}
 f - 2 potions of haste {unknown}
 h - a potion of attraction {unknown}
 i - a potion of brilliance {unknown}
 o - 3 potions of magic {unknown}
 p - a potion of berserk rage {unknown}


   Skills:
 - Level 3.6 Fighting
 + Level 7.8 Axes
 - Level 3.2 Armour
 - Level 3.2 Shields


You had 4 spell levels left.
You didn't know any spells.
Your spell library contained the following spells:

 Spells                   Type           Power      Damage    Failure   Level
 Static Discharge         Conj/Air       0%         3-3/arc   100%        2
 Inner Flame              Hex/Fire       0%         N/A       100%        3
 Cause Fear               Hex            0%         N/A       100%        4
 Lightning Bolt           Conj/Air       0%         1d11      100%        5
 Discord                  Hex            0%         N/A       100%        8
 Maxwell's Capacitive Co  Air            0%         ∞         100%        8


Dungeon Overview and Level Annotations

Branches:
Dungeon (4/15)
 Temple: D:4-7

Altars:
Vehumet

Annotations:
D:3 Grinder


Message History

There is an entrance to an ossuary on this level.
Hurry and find it before the portal is buried!
The iguana hisses angrily.
Found 8 stones and a shiny wooden wand.
There is a stone staircase leading up here.
You hit the iguana.
The iguana is lightly wounded.
You block the iguana's attack.
You barely miss the iguana.
The iguana is lightly wounded.
The iguana completely misses you.
You barely miss the iguana.
The iguana is lightly wounded.
The iguana bites you but does no damage.
You hit the iguana but do no damage.
The iguana is lightly wounded.
You slash the quokka!
You kill the quokka!
The iguana bites you.
You hit the iguana.
The iguana is heavily wounded.
The iguana bites you but does no damage.
You hit the iguana but do no damage.
The iguana is heavily wounded.
You block the iguana's attack.
You hit the iguana but do no damage.
The iguana is heavily wounded.
You block the iguana's attack.
You barely miss the iguana.
The iguana is heavily wounded.
The iguana bites you.
You hit the iguana but do no damage.
The iguana is heavily wounded.
The iguana bites you!
* * * LOW HITPOINT WARNING * * *
The iguana bites you.
* * * LOW HITPOINT WARNING * * *
You hit the iguana.
The iguana is almost dead.
The iguana bites you!
You die...

..... ..
.... #.
...##.. .#
...#.# ...
.../## #..
#....#
#...#.l.##
###....@..#
.......†..#
..##..(.<.#
##.....#
.........#
..##.....#
.. #......#
. ........#
....#....#


You could see an iguana.

Vanquished Creatures
  Natasha (twice) (D:3)
  Terence (D:3)
  Robin (D:3)
  4 adders
  4 worms
  2 orcs (D:3)
  3 endoplasms
  4 giant cockroaches
  12 goblins
  6 hobgoblins
  2 jackals (D:2)
  7 kobolds
  2 quokkas
  3 ball pythons
  5 bats
  9 frilled lizards
  4 rats
71 creatures vanquished.

Notes
Turn   | Place    | Note
-------+----------+-------------------------------------------
     0 | D:1      | Plasmagod the Hill Orc Fighter began the quest for the Orb.
     0 | D:1      | Reached XP level 1. HP: 19/19 MP: 1/1
   126 | D:1      | Reached skill level 3 in Axes
   520 | D:1      | Found a faded altar of an unknown god.
   528 | D:1      | Reached XP level 2. HP: 26/26 MP: 2/2
   662 | D:1      | Reached skill level 4 in Axes
   976 | D:2      | Reached XP level 3. HP: 9/31 MP: 3/3
  1240 | D:2      | Reached skill level 5 in Axes
  1817 | D:2      | Reached XP level 4. HP: 34/39 MP: 4/4
  2208 | D:3      | Reached skill level 6 in Axes
  2342 | D:3      | Noticed Robin
  2347 | D:3      | Noticed Natasha
  2355 | D:3      | Killed Robin
  2357 | D:3      | Reached XP level 5. HP: 29/45 MP: 5/5
  2360 | D:3      | Killed Natasha
  2361 | D:3      | Reached skill level 7 in Axes
  2554 | D:3      | Noticed Natasha
  2556 | D:3      | Noticed Terence
  2559 | D:3      | Killed Natasha
  2566 | D:3      | Killed Terence
  2586 | D:3      | Found a radiant altar of Vehumet.
  2723 | D:3      | Noticed Grinder
  2726 | D:3      | Paralysed by Grinder for 3 turns
  2754 | D:4      | Slain by an iguana

Illustrated notes

Levels and vault maps discovered:
D:1:      dpeg_arrival_castle, layout_loops_ring, serial_aquarium,
          aquarium_bridge_long_separate [aquarium_subvault_balcony,
          aquarium_subvault_bridge, aquarium_subvault_window,
          aquarium_subvault_bridge, aquarium_subvault_bridge,
          aquarium_subvault_wall], aquarium_window_corridor_3,
          aquarium_window_fake, aquarium_view_2c, aquarium_balcony_double_1,
          dreamdust_ecumenical_altar_statues, minmay_split_cup_small
D:2:      kennysheep_big_flooded_room, layout_basic
D:3:      layout_rooms, mainiacjoe_overflow_small_starburst, uniq_robin,
          uniq_grinder, uniq_terence, uniq_natasha
D:4:      layout_cave_pools, mainiacjoe_overflow_24_doors,
          nicolae_tso_carved_into_rock, mainiacjoe_overflow_swirl,
          mainiacjoe_overflow_alcove_4, lemuel_coloured_pillars_altar,
          nicolae_ossuary_entry_ruins, serial_bayou, serial_bayou_ford_a,
          serial_bayou_pond_c, serial_bayou_crossing

Skill      XL: |  1  2  3  4  5 |
---------------+----------------+-----
Axes           | 3 4 5 6 7 |  7.8
Fighting       | |  3.6
Armour         | |  3.2
Shields        | |  3.2

Action                   |  1- 3 |  4- 6 || total
-------------------------+-------+-------++-------
Melee: War axe           |    97 |    90 ||   187
Throw: Javelin           |     4 |     5 ||     9
Armor: Scale mail        |    48 |       ||    48
       Chain mail        |     7 |    42 ||    49
Dodge: Dodged            |    50 |    23 ||    73
Block: Buckler           |    14 |    17 ||    31

Table legend: (Time is in decaauts)
 A = Elapsed time spent in this place.
 B = Non-inter-level travel time spent in this place.
 C = Inter-level travel time spent in this place.
 D = Time resting spent in this place.
 E = Time spent auto-exploring this place.
 F = Levels seen in this place.
 G = Mean time per level.
                   A        B        C        D        E       F      G
               +--------+--------+--------+--------+--------+-----+--------+
         Total |   2818 |   2779 |     39 |      0 |   2306 |   4 |  704.5 |
       Dungeon |   2818 |   2779 |     39 |      0 |   2306 |   4 |  704.5 |
               +--------+--------+--------+--------+--------+-----+--------+

Top non-repeatable levels by time:
     D:2: 1034 daAuts
     D:1: 971 daAuts
     D:3: 800 daAuts
     D:4: 12 daAuts
